 Dungeon Crawl Stone Soup version 0.21-a0-529-g8c7b3f5 (webtiles) character file.

60 slep the Chopper (level 3, 0/27 HPs)
             Began as a Demonspawn Gladiator on Dec 11, 2017.
             Slain by a frilled lizard (1 damage)
             ... on level 2 of the Dungeon.
             The game lasted 00:04:01 (998 turns).

slep the Chopper (Demonspawn Gladiator)              Turns: 998, Time: 00:04:02

Health: 0/27       AC: 10    Str: 14    XL:     3   Next: 80%
Magic:  0/12       EV: 10    Int:  9    God:
Gold:   28         SH:  0    Dex: 15    Spells: 2/2 levels left

rFire    . . .     SeeInvis .   a - +0 war axe
rCold    . . .     Gourm    .   (no shield)
rNeg     . . .     Faith    .   m - +3 scale mail
rPois    .         Spirit   +   c - +0 helmet
rElec    .         Reflect  .   (no cloak)
rCorr    .         Harm     .   (no gloves)
MR       .....                  (no boots)
Stlth    ..........             (no amulet)
HPRegen  0.09/turn              k - ring of magical power
MPRegen  0.26/turn              (no ring)

@: confused
A: magic shield, magic regeneration
a: no special abilities


You were on level 2 of the Dungeon.
You were not hungry.

You visited 1 branch of the dungeon, and saw 2 of its levels.

You collected 28 gold pieces.

Inventory:

Hand Weapons
 a - a +0 war axe (weapon)
Missiles
 d - 3 throwing nets (quivered)
Armour
 b - a +0 leather armour
 c - a +0 helmet (worn)
 m - a +3 scale mail (worn)
Jewellery
 k - a ring of magical power (left hand)
Scrolls
 g - a scroll of amnesia {unknown}
 l - a scroll of identify {unknown}
Potions
 e - a potion of curing
Comestibles
 f - a bread ration
 i - 2 fruits
 j - a royal jelly
 n - a chunk of flesh


   Skills:
 + Level 2.3 Fighting
 + Level 3.4 Axes
 + Level 2.0 Throwing
 + Level 0.8 Armour
 + Level 3.3 Dodging


You had 2 spell levels left.
You didn't know any spells.

Dungeon Overview and Level Annotations

Branches:
Dungeon (2/15)

Altars:

Annotations:
D:2 Sigmund


Innate Abilities, Weirdness & Mutations

When hurt, damage is shared between your health and your magic reserves.
You regenerate magic rapidly.


Message History

Something hits you!
* * * LOW HITPOINT WARNING * * *
You see here a bat corpse.
You bump into the rock wall.
You miss something.
You hear some strange, mumbled words.
You are more confused.
You miss something. You barely miss the frilled lizard. Something hits you.
The frilled lizard barely misses you.
You hear some strange, mumbled words.
A magic dart appears from out of thin air!
The magic dart hits you!
The frilled lizard bites you but does no damage.
Found a stone staircase leading down.
Something hits you but does no damage.
You closely miss the frilled lizard. The frilled lizard closely misses you.
Something hits you.
* * * LOW HITPOINT WARNING * * *
The frilled lizard bites you.
You die...

#..........#
..........#
#.....>..# . ...
##........#.#
....#...........#
..:.#........[..#
..............#
.......@......#
...#...l......#
##.{.........
##†.......##
######..#.###...
#......?..# #.
#.........#
#.........#
#...........#


You could see a frilled lizard.

Vanquished Creatures
  3 adders (D:2)
  3 dart slugs (D:1)
  A leopard gecko (D:1)
  3 bats
  A giant cockroach (D:1)
  4 goblins
  3 hobgoblins (D:1)
  A ball python (D:1)
  3 kobolds
  6 rats
28 creatures vanquished.

Notes
Turn   | Place    | Note
-------+----------+-------------------------------------------
     0 | D:1      | slep the Demonspawn Gladiator began the quest for the Orb.
     0 | D:1      | Reached XP level 1. HP: 16/16 MP: 1/1
   101 | D:1      | Gained mutation: When hurt, damage is shared between your health and your magic reserves. [demonic ancestry]
   101 | D:1      | Reached XP level 2. HP: 17/22 MP: 2/2
   602 | D:2      | Gained mutation: You regenerate magic rapidly. [demonic ancestry]
   602 | D:2      | Reached XP level 3. HP: 24/27 MP: 3/3
   957 | D:2      | Noticed Sigmund
   997 | D:2      | HP: 1/27 [something (2)]
   998 | D:2      | Slain by a frilled lizard

Vault maps used:
D:1:      minmay_arrival_checkered_box
D:2:      nicolae_overflow_crystal_walls, lemuel_blue_sif_altar, uniq_sigmund

Skill      XL: |  1  2 |
---------------+-------+-----
Axes           | 3 |  3.4
Dodging        | 3 |  3.3
Throwing       | 2 |  2.0
Fighting       | |  2.3
Armour         | |  0.8

Action                   || total
-------------------------++-------
Melee: War axe           ||    94
  Use: Potion            ||     2
 Stab: Sleeping          ||     1
Armor: Leather armour    ||    20
       Scale mail        ||    25
       Skin              ||    11
Dodge: Dodged            ||    65

Table legend:
 A = Spawn XP
 B = Non-spawn XP
 C = Spawn XP percentage of total XP
 D = Spawn monster count
 E = Non-spawn monster count
 F = Spawn count percentage of total count
 G = Total turns spent on level
                    A         B        C        D         E        F      G
               +---------+---------+-------+---------+---------+-------+---------
         Total |       0 |      86 |   0.0 |       0 |      28 |   0.0 |   998
               +---------+---------+-------+---------+---------+-------+---------
           D:1 |       0 |      37 |   0.0 |       0 |      18 |   0.0 |   575
           D:2 |       0 |      49 |   0.0 |       0 |      10 |   0.0 |   423
               +---------+---------+-------+---------+---------+-------+---------
